Banto, chaotic male orcish Wizard ------ |....| ###### -------- |...[-##########################-----------# ---------- |......| |....| #|.........|######.........| |......| |....-## #|.........| |........| ##-......| |.>..| # #......<...| |........| # |......| ------ ### ----------- ###|.........| |........| ### |......| # |.........| # #|.........| ##....I....| # -----.-- ##......{....### ### #-#--.-#---- ##|....I...| # # |.........| # ###########[######-----@---- # # |.--|--.--| ### # # # # # |.........| # ### ### # # # |.........-#### # # ### # # |.........| ## ### # # ## ----------- -.--- # -|----------# ---|-- |...| ### |.......<..|# |.[..| |...| # |...........# |??.?| |...-### |..........| |?..?| ----- ------------ ------ Banto the Thaumaturge Experience level: 7 Strength: 10 Dexterity: 10 Constitution: 16 Intelligence: 16 Wisdom: 11 Charisma: 11 Health: 0(48) Energy: 44(52) AC: 9 Gold: 327 Moves: 3076 Your Inventory: Coins $ - 327 gold pieces Weapons a - a blessed +1 quarterstaff (weapon in hands) Armor b - an uncursed +0 cloak of magic resistance (being worn) Comestibles s - an uncursed tin of giant rat meat w - 4 [uncursed] food rations B - 2 [uncursed] tripe rations N - an [uncursed] lembas wafer Scrolls j - an uncursed scroll of punishment q - a cursed scroll of blank paper t - an uncursed scroll of confuse monster D - 2 [uncursed] scrolls of blank paper M - 2 [uncursed] scrolls of identify O - an [uncursed] scroll [of earth] P - a [cursed] scroll [of earth] Spellbooks k - a blessed spellbook of force bolt l - an uncursed spellbook of sleep Potions f - an uncursed potion of see invisible g - an uncursed potion of extra healing h - an uncursed potion of booze n - 2 uncursed potions of water u - an uncursed potion of invisibility K - an uncursed potion of sleeping Rings d - an uncursed ring of conflict e - an uncursed ring of teleport control (on left hand) x - an uncursed ring of slow digestion (on right hand) Wands c - an uncursed wand of create monster (0:14) z - an uncursed wand of probing (0:8) J - an uncursed wand of striking (0:6) Tools m - an uncursed magic marker (0:39) o - an [uncursed tin] whistle E - an [uncursed tallow] candle H - an [uncursed] towel Gems p - an uncursed worthless piece of blue glass G - an [uncursed] yellow gem [chrysoberyl] Spells known in the end: Name Level Category Fail Memory a - force bolt 1 attack 0% [|||||||.] b - sleep 1 enchantment 0% [|||||||.] Your skills at the end: Fighting Skills Weapon Skills quarterstaff [Basic / Expert] Spellcasting Skills attack spells [Basic / Expert] enchantment spells [Basic / Skilled] Final Attributes: You were piously aligned. Hunger level was 624. Your alignment was 25 / 25. Monster difficulty range was 1 - 6. Level difficulty was 6. You were immune to poison. You were magic-protected. You were blinded. You had infravision. You had teleport control. You had slower digestion. Your luck was zero. You are dead. Vanquished creatures: an orc mummy a lizard a blue jelly a fire ant a rock piercer a rock mole a yellow light a shrieker 4 elf zombies a paper golem a baby crocodile a giant ant a floating eye a kitten a kobold lord 5 iguanas an acid blob a coyote 2 giant rats 2 yellow molds a green mold 4 gnomes a gnome zombie 7 jackals 2 foxes a goblin 3 sewer rats 5 grid bugs 5 lichens 5 kobold zombies 3 newts 66 creatures vanquished. Voluntary challenges: You were an atheist. You used a wielded weapon 73 times. You read items or engraved 4 times. You put on armor 1 time. You never genocided any monsters. You never polymorphed an object. You never changed form. You used no wishes. You never wrote Elbereth's name. You never encountered a bones level. You never used any Sokoban shortcuts. Dungeon overview: The Dungeons of Doom: levels 1 to 6 Level 1 a long staircase Level 3 a fountain Level 4 a long staircase Level 5 many fountains Level 6 <- You were here a scroll shop, a fountain stairs to Sokoban Sokoban: Level 5 a magic chest stairs to The Dungeons of Doom History has recorded: On T:1 you entered the Dungeons of Doom to retrieve the Amulet of Yendor! On T:238 you advanced to experience level 2. On T:749 you reached level 2 of The Dungeons of Doom. On T:887 you advanced to experience level 3. On T:1024 you reached level 3 of The Dungeons of Doom. On T:1219 you advanced to experience level 4. On T:1599 you advanced to experience level 5. On T:1669 you reached level 4 of The Dungeons of Doom. On T:1864 you reached level 5 of The Dungeons of Doom. On T:1934 you advanced to experience level 6. On T:2476 you reached level 6 of The Dungeons of Doom. On T:2626 you advanced to experience level 7. On T:2923 you reached level 3 of Sokoban. Latest messages: It bites! (2x) [HP-5=36] You hit it. It bites! (4x) [HP-11=25] You miss it. It bites! (2x) [HP-4=21] The spell misses it. (2x) It bites! (4x) [HP-8=13] The spell hits it. You kill it! It bites! (2x) You hear someone cursing shoplifters. [HP-8=5] It bites! You die... Final status: Goodbye Banto the Wizard... You died in The Dungeons of Doom on dungeon level 6 with 681 points, and 327 pieces of gold, after 3076 moves. You were level 7 with a maximum of 48 hit points when you died.